 Dungeon Crawl Stone Soup version 0.30-a0-924-g0ad0bf95bc (console) character file.

Game seed: 1098671869524628952

90 utis the Covered (level 4, -2/28 HPs)
             Began as a Tengu Wanderer on Mar 22, 2023.
             Slain by an orc wizard
             ... wielding a +0 dagger
              (3 damage)
             ... on level 3 of the Dungeon.
             The game lasted 00:06:19 (1587 turns).

utis the Covered (Tengu Wanderer)                   Turns: 1587, Time: 00:06:19

Health: -2/28      AC: 10    Str: 12    XL:     4   Next: 56%
Magic:  6/6        EV:  6    Int: 14    God:
Gold:   39         SH:  0    Dex: 14    Spells: 5/5 levels left

rFire   . . .      SeeInvis .    a - +0 spear
rCold   . . .      Faith    .    (no shield)
rNeg    . . .      Spirit   .    e - +0 chain mail
rPois   .          Reflect  .    (helmet restricted)
rElec   .          Rampage  .    (no cloak)
rCorr   .                        (no gloves)
Will    .....                    (boots unavailable) Stlth
                                 (no amulet)
HPRegen 0.24/turn                (no ring)
MPRegen 0.10/turn                (no ring)

@: no status effects
A: beak, talons 3
a: no special abilities


You were on level 3 of the Dungeon.
You visited 1 branch of the dungeon, and saw 3 of its levels.

You collected 39 gold pieces.

Inventory:

Hand Weapons
 a - a +0 spear (weapon)
 i - a +0 dagger
 n - a +0 sling
Missiles
 m - 3 poisoned darts (quivered)
Armour
 e - a +0 chain mail (worn)
 j - a +0 buckler
Scrolls
 c - a scroll of teleportation {@r4}
 d - 2 scrolls of blinking
 f - 3 scrolls of identify {unknown}
 k - 3 scrolls of enchant weapon {unknown}
 l - a scroll of noise {unknown}
 o - a scroll of fear {unknown}
Potions
 b - 2 potions of curing {@q1}
 h - a potion of haste {unknown}


   Skills:
 + Level 3.0 Fighting
 + Level 6.4 Armour
 - Level 1.1 Dodging
 - Level 2.1 Unarmed Combat
 - Level 1.0 Spellcasting


You had 5 spell levels left.
You didn't know any spells.
Your spell library contained the following spells:

 Spells                   Type           Power      Damage    Failure   Level
 Vhi's Electric Charge    Tloc/Air       0%         N/A       100%        3
 Arcjolt                  Conj/Air       0%         1d10      100%        5
 Maxwell's Capacitive Co  Air            0%         ∞         100%        8


Dungeon Overview and Level Annotations

Branches:
Dungeon (2/15)

Altars:

Shops:
D:3 :


Innate Abilities, Weirdness & Mutations

You have a beak for a mouth.
You have claws for feet.


Message History

Your Fighting skill increases to level 3!
You hit the orc. You claw the orc.
You kill the orc!
Something hits you but does no damage.
You closely miss something. Your kick misses something.
Your peck misses something.
You hear some strange, mumbled words.
A puff of flame appears from out of thin air!
The puff of flame hits you!
* * * LOW HITPOINT WARNING * * *
The orc wizard gestures at you while chanting.
You miss something.
You hear some strange, mumbled words.
You are confused.
The orc wizard mumbles some strange words.
The orc wizard flickers and vanishes!
You're too confused to move!
Something hits you but does no damage.
You hear some strange, mumbled words.
Something tries to affect you, but you resist.
Things that are here:
a +2 short sword of electrocution; a +0 dagger You miss something.
You hear some strange, mumbled words.
A magic dart appears from out of thin air!
The magic dart hits you but does no damage.
You bump into the rock wall.
You closely miss something. Your kick misses something.
Something hits you but does no damage. x2
You miss something.
You feel less confused.
Something hits you but does no damage. x2
You miss something. Your kick misses something.
Something hits you but does no damage. x3
Something hits you.
* * * LOW HITPOINT WARNING * * *
You miss something.
You hear some strange, mumbled words.
A magic dart appears from out of thin air!
The magic dart hits you.
* * * LOW HITPOINT WARNING * * *
Something hits you.
You die...

░░░░░░░░░░
.......Q.░
░░░░░░░{.░
░..░ ░░░░░..░
░...➘..░
≈......░░░.░░
.≈..... ░†░
..≈.... ░➘░
∩..S... ░†░░


There were no monsters in sight!

Vanquished Creatures
  An orc priest (D:3)
  Robin (D:2)
  An adder (D:3)
  A dart slug (D:1)
  An orc (D:3)
  3 endoplasms (D:1)
  A giant cockroach (D:1)
  11 goblins
  5 hobgoblins
  2 quokkas
  2 bats (D:1)
  3 frilled lizards
  A kobold (D:1)
  2 rats (D:1)
35 creatures vanquished.

Notes
Turn   | Place    | Note
-------+----------+-------------------------------------------
     0 | D:1      | utis the Tengu Wanderer began the quest for the Orb.
     0 | D:1      | utis set off with the following items: a +0 dagger, a
                  | potion of curing {@q1}, a scroll of teleportation {@r4}, a
                  | scroll of blinking, a +0 chain mail.
     0 | D:1      | Reached XP level 1. HP: 12/12 MP: 3/3
   213 | D:1      | Reached XP level 2. HP: 16/16 MP: 4/4
   563 | D:1      | Found a faded altar of an unknown god.
  1276 | D:2      | Noticed Robin
  1303 | D:1      | Reached XP level 3. HP: 20/21 MP: 5/5
  1346 | D:2      | Reached skill level 6 in Armour
  1467 | D:2      | Killed Robin
  1514 | D:2      | You fall into a shaft and drop 1 floor!
  1537 | D:3      | Found Joisughy's Book Emporium.
  1554 | D:3      | Reached XP level 4. HP: 25/27 MP: 6/6
  1587 | D:3      | HP: 1/28 [something/magic dart (2)]
  1587 | D:3      | Slain by an orc wizard

Illustrated notes

Levels and vault maps discovered:
D:1:      dpeg_arrival_morbid_curiosity, layout_basic,
          shapermc_ecumenical_altar_mp_ritualfount
D:2:      minmay_skewed_foursquare, layout_basic, basic_altar, uniq_robin
D:3:      layout_loops_ring, mainiacjoe_overflow_boulevard, serial_shops,
          nicolae_diamond_shop, shop, st_stairs_11, small_statue_intersection,
          minmay_rat_hole

Skill      XL: |  1  2  3  4 |
---------------+-------------+-----
Fighting       | 2 3 |  3.0
Armour         | 6 |  6.4
Dodging        | |  1.1
Unarmed Combat | |  2.1
Spellcasting   | |  1.0

Action                     |  1- 3 |  4- 6 || total
---------------------------+-------+-------++-------
  Melee: Dagger            |    18 |       ||    18
         Kick              |    26 |     3 ||    29
         Peck              |    15 |     3 ||    18
         Spear             |    53 |    15 ||    68
  Throw: Stone             |    13 |       ||    13
         Dart              |     9 |       ||     9
 Armour: Chain mail        |    42 |    12 ||    54
  Dodge: Dodged            |    13 |     2 ||    15

Table legend: (Time is in decaauts)
 A = Elapsed time spent in this place.
 B = Non-inter-level travel time spent in this place.
 C = Inter-level travel time spent in this place.
 D = Time resting spent in this place.
 E = Time spent auto-exploring this place.
 F = Levels seen in this place.
 G = Mean time per level.
                   A        B        C        D        E       F      G
               +--------+--------+--------+--------+--------+-----+--------+
         Total |   1595 |   1372 |    223 |    189 |    816 |   3 |  531.7 |
       Dungeon |   1595 |   1372 |    223 |    189 |    816 |   3 |  531.7 |
               +--------+--------+--------+--------+--------+-----+--------+

Top non-repeatable levels by time:
     D:1: 1261 daAuts
     D:2: 259 daAuts
     D:3: 74 daAuts
